 Dungeon Crawl Stone Soup version 0.30.0-10-gfe55d96785 (webtiles) character file.

Game seed: 18385946566744543071

13818 sasquatch the Marksminotaur (level 11, -1/132 (148) HPs)
             Began as a Minotaur Hunter on May 15, 2023.
             Was an Elder of Okawaru.
             Slain by a spectral orc knight
             ... wielding a +3 antimagic war axe
             ... summoned by Nergalle
              (6 damage)
             ... on level 11 of the Dungeon.
             The game lasted 00:25:35 (12253 turns).

sasquatch the Marksminotaur (Minotaur Hunter)      Turns: 12253, Time: 00:25:35

HP:   -1/132 (148)  AC: 10    Str: 19    XL:     11   Next: 80%
MP:   0/19          EV: 13    Int:  6    God:    Okawaru [****..]
Gold: 442           SH:  0    Dex: 19    Spells: 10/10 levels left

rFire   . . .        b - +8 war axe "Qeoc" {spect, Str+4 SInv}
rCold   + . .        (no shield)
rNeg    . . .        O - +0 swamp dragon scales
rPois   +            N - +0 hat {Stlth+}
rElec   .            f - +0 cloak
rCorr   .            D - +0 pair of gloves
SInv    +            (no boots)
Will    .....        F - amulet of guardian spirit Stlth
                     K - ring of protection from cold
HPRegen 0.42/turn    G - ring of magical power
MPRegen 0.16/turn

%: guardian spirit
@: berserking, heavily drained, very quick
A: horns 2, retaliatory headbutt
a: Renounce Religion, Heroism, Finesse


You were on level 11 of the Dungeon.
You worshipped Okawaru.
Okawaru was greatly pleased with you.
You visited 3 branches of the dungeon, and saw 13 of its levels.

You collected 852 gold pieces.
You spent 410 gold pieces at shops.

Inventory:

Hand Weapons
 a - a +4 shortbow
 b - the +8 war axe "Qeoc" (weapon) {spect, Str+4 SInv}
   (You took it off a gnoll bouda on level 9 of the Dungeon)

   Str:       It affects your strength (+4).
   SInv:      It lets you see invisible.
 v - a +3 short sword of flaming
 z - a +3 long sword
 H - the +0 war axe "Moxob" {holy, rElec Stlth+}
   (You found it on level 10 of the Dungeon)

   rElec:     It insulates you from electricity.
   Stlth:     It makes you more stealthy.
 J - a +2 whip of venom
Missiles
 m - a throwing net
 s - 2 datura-tipped darts
 u - 41 poisoned darts
Armour
 f - a +0 cloak (worn)
 g - a scarf of harm
 l - a +2 buckler
 D - a +0 pair of gloves (worn)
 N - a +0 hat of stealth (worn)
 O - +0 swamp dragon scales (worn)
Jewellery
 x - a ring of poison resistance
 A - a ring of protection from fire
 E - a ring of protection from fire
 F - an amulet of guardian spirit (around neck)
 G - a ring of magical power (right hand)
 K - a ring of protection from cold (left hand)
Wands
 t - a wand of quicksilver (14)
 M - a wand of paralysis (4)
Scrolls
 d - 3 scrolls of enchant armour
 e - 3 scrolls of amnesia
 h - a scroll of blinking {unknown}
 j - 2 scrolls of vulnerability
 n - 2 scrolls of silence
 o - 2 scrolls of immolation
 p - 2 scrolls of torment
 r - 4 scrolls of magic mapping
 y - a scroll of butterflies
Potions
 c - 3 potions of attraction
 i - 4 potions of curing
 q - a potion of invisibility
 w - 2 potions of brilliance {unknown}
 B - a potion of mutation
 I - a potion of berserk rage
 L - a potion of ambrosia {unknown}
 P - a potion of flight


   Skills:
 - Level 10.0 Fighting
 - Level 10.0 Short Blades
 - Level 16.0 Ranged Weapons
 + Level 3.3 Armour
 + Level 3.9 Dodging
 - Level 0.7 Stealth


You had 10 spell levels left.
You didn't know any spells.
Your spell library contained the following spells:

 Spells                   Type           Power      Damage    Failure   Level
 Apportation              Tloc           0%         N/A       63%         1
 Sublimation of Blood     Necr           0%         N/A       77%         2
 Dazzling Flash           Conj/Hex       0%         N/A       94%         3
 Ozocubu's Armour         Ice            0%         N/A       94%         3
 Volatile Blastmotes      Fire/Tloc      0%         2d10      94%         3
 Iskenderun's Mystic Bla  Conj/Tloc      0%         2d3       100%        4
 Passage of Golubria      Tloc           0%         N/A       100%        4
 Petrify                  Tmut/Erth      0%         N/A       100%        4
 Agony                    Necr           0%         N/A       100%        5
 Alistair's Intoxication  Tmut/Pois      0%         N/A       100%        5
 Irradiate                Conj/Tmut      0%         3d11      100%        5
 Metabolic Englaciation   Hex/Ice        0%         N/A       100%        5
 Silence                  Hex/Air        0%         N/A       100%        5
 Starburst                Conj/Fire      0%         6d3       100%        6
 Lehudib's Crystal Spear  Conj/Erth      0%         10d2      100%        8
 Simulacrum               Ice/Necr       Unusable   N/A       N/A         6

Dungeon Overview and Level Annotations

Branches:
Dungeon (11/15)            Temple (1/1) D:4            Lair (1/5) D:10
    Orc (0/2) D:10

Altars:
Ashenzari
Cheibriados
Dithmenos
Elyvilon
Fedhas
Gozag
Hepliaklqana
Kikubaaqudgha
Makhleb
Nemelex Xobeh
Okawaru
Qazlal
Ru
Sif Muna
Trog
Uskayaw
Vehumet
Wu Jian
Xom
Yredelemnul
Zin
The Shining One

Shops:
D:8 *

Annotations:
D:4 Dowan, Duvessa
D:8 exclusions: door and 1 more exclusion
D:11 Nergalle


Innate Abilities, Weirdness & Mutations

You have a pair of horns on your head.
You reflexively headbutt those who attack you in melee.


Message History

You furiously retaliate!
You headbutt the spectral orc warrior.
The spectral orc hits you from afar with a +0 trident.
Nergalle closely misses you. You furiously retaliate!
You headbutt Nergalle! You closely miss Nergalle.
Nergalle is almost dead.
You barely miss the spectral orc warrior.
You hit the spectral orc knight but do no damage.
The spectral orc knight hits you with a +3 antimagic war axe!
* * * LOW HITPOINT WARNING * * *
The spectral orc barely misses you.
Nergalle grimaces horribly.
Nergalle hits you with a +4 dagger of protection.
* * * LOW HITPOINT WARNING * * *
The spectral orc knight hits you with a +3 antimagic war axe!
* * * LOW HITPOINT WARNING * * *
You feel drained.
* * * LOW HITPOINT WARNING * * *
The spectral orc warrior closely misses you.
You hit Nergalle but do no damage. Your headbutt misses Nergalle.
Nergalle is almost dead.
You hit the spectral orc warrior but do no damage.
You slash the spectral orc knight!
Nergalle hits you with a +4 dagger of protection.
* * * LOW HITPOINT WARNING * * *
The spectral orc hits you but does no damage.
The spectral orc knight hits you with a +3 antimagic war axe!
* * * LOW HITPOINT WARNING * * *
The spectral orc warrior misses you. You furiously retaliate!
You headbutt the spectral orc warrior.
You destroy the spectral orc warrior!
The spectral orc warrior disappears in a puff of smoke!
The spectral orc closely misses you.
Nergalle gestures at you while chanting.
Orcish apparitions take form around you.
Unknown command.
Okay, then.
A red film seems to cover your vision as you go berserk!
You feel yourself moving faster!
You feel mighty!
The spectral orc knight hits you with a +3 antimagic war axe.
You die...

+....).........#
#.# #.#
#.........######
#.# #.#
#......>..+ #.#
#.# #.........#
#.# #.#
#.........# ###
#######.###.#
#.........# #..
............#
#######
#Z#########.#####
#oZZ.....##.#
#@#.#.##.##.#
#Z#.#.#...[.#
#Z###.#..#### #..
..#..# ### ######


You could see Nergalle, a spectral orc (summoned), 2 spectral orc warriors and 2
spectral orc knights.

Vanquished Creatures
  Gastronok (D:8)
  Harold (D:11)
  A boulder beetle (D:11)
  An oklob plant (D:10)
  Maurice (D:8)
  A cane toad (Lair:1)
  A gargoyle (D:10)
  Maggie (D:8)
  A komodo dragon (Lair:1)
  4 trolls
  A vampire (D:10)
  3 wyverns
  A shadow (D:9)
  A steam dragon (D:8)
  18 yaks
  Eustachio (D:6)
  A basilisk (Lair:1)
  3 vampire mosquitoes (D:11)
  4 water moccasins
  2 orc warriors
  An ice beast (D:8)
  2 sky beasts
  A black bear (D:4)
  3 wolves (Lair:1)
  7 centaurs
  4 phantoms
  3 kobold brigands
  3 bullfrogs
  3 scorpions
  A gnoll sergeant (D:10)
  13 wights
  6 killer bees
  8 howler monkeys
  A crimson imp (D:6)
  8 orc priests
  A gnoll bouda (D:9)
  5 hounds
  4 jellies
  2 iguanas
  8 gnolls
  6 adders
  2 white imps
  2 worms (D:2)
  A dart slug (D:3)
  32 orcs
  4 bats
  5 endoplasms
  3 giant cockroaches
  3 hobgoblins
  3 jackals (D:3)
  3 quokkas
  6 ball pythons
  2 frilled lizards
  5 goblins
  34 kobolds
243 creatures vanquished.

Notes
Turn   | Place    | Note
-------+----------+-------------------------------------------
     0 | D:1      | sasquatch the Minotaur Hunter began the quest for the Orb.
     0 | D:1      | Reached XP level 1. HP: 18/18 MP: 0/0
  1308 | D:2      | Reached XP level 2. HP: 25/25 MP: 1/1
  1324 | D:2      | Reached skill level 5 in Ranged Weapons
  1576 | D:2      | Found a faded altar of an unknown god.
  1806 | D:3      | Reached XP level 3. HP: 30/30 MP: 2/2
  2059 | D:3      | Reached skill level 6 in Ranged Weapons
  2126 | D:2      | Reached XP level 4. HP: 30/37 MP: 3/3
  2382 | D:4      | Found a staircase to the Ecumenical Temple.
  2390 | Temple   | Entered the Ecumenical Temple
  2612 | D:4      | Reached skill level 7 in Ranged Weapons
  2617 | D:4      | Reached XP level 5. HP: 42/42 MP: 4/4
  2734 | D:4      | Reached skill level 8 in Ranged Weapons
  2779 | D:4      | Reached XP level 6. HP: 21/50 MP: 5/5
  2933 | D:4      | Found a bloodstained altar of Trog.
  2967 | D:4      | Reached skill level 9 in Ranged Weapons
  3011 | D:4      | Noticed Duvessa
  3013 | D:4      | Noticed Dowan
  3244 | D:4      | Found a sparkling altar of Nemelex Xobeh.
  3334 | D:4      | Reached XP level 7. HP: 47/56 MP: 6/6
  3574 | D:5      | Entered Level 5 of the Dungeon
  3718 | D:5      | Reached skill level 10 in Ranged Weapons
  3766 | D:5      | Identified the +2 robe "Byopnutt" {-Cast *Slow rElec rN+++}
  4048 | D:5      | Reached skill level 11 in Ranged Weapons
  4048 | D:5      | Reached XP level 8. HP: 62/62 MP: 7/7
  4896 | D:6      | Reached skill level 12 in Ranged Weapons
  5202 | D:6      | Identified the +1 dagger "Viuh" {speed, rN+}
  5321 | D:6      | HP: 3/62 [poisoned by a water moccasin]
  5676 | D:6      | Found a burning altar of Makhleb.
  5676 | D:6      | Found a shimmering altar of Xom.
  5833 | D:6      | Noticed Eustachio
  5958 | D:6      | Killed Eustachio
  5959 | D:6      | Reached skill level 13 in Ranged Weapons
  6083 | D:7      | Found a broken altar of Ashenzari.
  6086 | D:7      | Found a glowing golden altar of the Shining One.
  6155 | D:7      | Reached XP level 9. HP: 57/68 MP: 8/8
  6409 | D:7      | Reached skill level 14 in Ranged Weapons
  6720 | D:8      | Noticed Gastronok
  6772 | D:8      | Found Meak's Serpentskin Sales.
  6892 | D:8      | Bought a ring of poison resistance for 320 gold pieces
  6970 | D:8      | Noticed Maggie
  7190 | D:8      | Noticed Maurice
  7294 | D:8      | Paralysed by Maurice for 2 turns
  7302 | D:8      | Paralysed by Maurice for 3 turns
  7313 | D:8      | Paralysed by something for 4 turns
  7328 | D:8      | Killed Maurice
  7329 | D:8      | Reached skill level 15 in Ranged Weapons
  7358 | D:8      | Found Zin's Purification Station.
  7358 | D:8      | Found a glowing silver altar of Zin.
  7369 | D:8      | Bought a potion of curing for 90 gold pieces
  7624 | D:8      | Killed Maggie
  7625 | D:8      | Reached skill level 16 in Ranged Weapons
  7625 | D:8      | Reached XP level 10. HP: 33/74 MP: 6/9
  7637 | D:8      | Reached skill level 1 in Short Blades
  8263 | D:9      | Reached skill level 5 in Fighting
  8674 | D:9      | Identified the +8 war axe "Qeoc" {spect, Str+4 SInv}
  8774 | D:9      | Found a radiant altar of Vehumet.
  8774 | D:9      | Found an ancient bone altar of Kikubaaqudgha.
  8775 | D:9      | Found a shimmering blue altar of Sif Muna.
  9042 | D:10     | Entered Level 10 of the Dungeon
  9242 | D:10     | Found a stormy altar of Qazlal.
  9242 | D:10     | Found an ornate altar of the Wu Jian Council.
  9242 | D:10     | Found a snail-covered altar of Cheibriados.
  9258 | D:10     | Reached skill level 5 in Short Blades
  9441 | D:10     | Found an iron altar of Okawaru.
  9445 | D:10     | Became a worshipper of Warmaster Okawaru
  9621 | D:10     | Reached * piety under Okawaru
  9722 | D:10     | Found a staircase to the Orcish Mines.
  9821 | D:10     | Noticed a +0 dagger
  9822 | D:10     | Noticed a +0 spear
  9822 | D:10     | Noticed a +0 short sword
  9823 | D:10     | Noticed a +0 spear
  9823 | D:10     | Noticed a +0 dagger
  9823 | D:10     | Noticed a +0 falchion
  9824 | D:10     | Noticed a +0 falchion
  9827 | D:10     | Noticed a +0 short sword
  9851 | D:10     | Found a shadowy altar of Dithmenos.
  9874 | D:10     | Identified the +0 war axe "Moxob" {holy, rElec Stlth+}
  9919 | D:10     | Noticed a gargoyle
  9927 | D:10     | Killed a gargoyle
  9952 | D:10     | Reached XP level 11. HP: 94/94 MP: 10/10
  9957 | D:10     | Reached ** piety under Okawaru
 10111 | D:10     | Noticed an oklob plant
 10135 | D:10     | Found a staircase to the Lair.
 10477 | D:10     | Found a hide-covered altar of Uskayaw.
 10782 | D:10     | Killed an oklob plant
 10853 | Lair:1   | Entered Level 1 of the Lair of Beasts
 10918 | Lair:1   | Found a basalt altar of Yredelemnul.
 11071 | Lair:1   | HP: 1/97 [cane toad (8)]
 11446 | D:8      | Killed Gastronok
 11446 | D:8      | Reached *** piety under Okawaru
 11447 | D:8      | Reached skill level 10 in Fighting
 11636 | D:11     | Noticed a boulder beetle
 11655 | D:11     | Killed a boulder beetle
 11656 | D:11     | Reached skill level 10 in Short Blades
 11879 | D:11     | Noticed Harold
 11891 | D:11     | Killed Harold
 11892 | D:11     | Reached **** piety under Okawaru
 12234 | D:11     | Noticed Nergalle
 12252 | D:11     | HP: 3/88 [spectral orc knight/+3 antimagic war
                  | axe[Nergalle] (7)]
 12253 | D:11     | Slain by a spectral orc knight

Illustrated notes

Levels and vault maps discovered:
D:1:      pf_arrival_petrified_forest, layout_loops_corners
D:2:      layout_basic, shapermc_ecumenical_altar_starsandcircs,
          minmay_diced_spiral
D:3:      layout_rooms
D:4:      layout_basic, nemelex_diamond_rough_becter, lemuel_doored_altar,
          minmay_temple_entry_trees, uniq_duvessa
D:5:      kennysheep_kobold_camp, layout_loops_ring
D:6:      layout_rooms, grunt_temple_overflow_champion_of_chaos, uniq_eustachio
D:7:      layout_rooms, chequers_temple_overflow_statue_of_worship
D:8:      layout_basic, zin_purify, st_stairs_5, guppyfry_shop_venom,
          uniq_maurice, uniq_gastronok, uniq_maggie
D:9:      layout_irregular_city, grunt_temple_overflow_magic_moments,
          serial_column_ruins, column_ruins_grid_1, column_ruins_open_tiny,
          column_ruins_grid_3, column_ruins_columns_corner
D:10:     layout_cave_pods, nicolae_uskayaw_en_pointe,
          nicolae_overflow_crystal_walls, grunt_temple_overflow_cloverleaf,
          dpeg_oklobed_lair, grunt_ministairs_4, minmay_hedge_maze,
          item_on_display_a
D:11:     layout_basic, grunt_decor_fettered, uniq_harold, uniq_nergalle
Temple:   nicolae_temple_two_arcs
Lair:1:   layout_chaotic_city, basic_altar, nicolae_quartered_pool_impasse

Skill      XL: |  1  2  3  4  5  6  7  8  9 10 11 |
---------------+----------------------------------+-----
Ranged Weapons | 5 6 7 8 9 11 13 16 | 16.0
Fighting       | 8 10 | 10.0
Short Blades   | 6 10 | 10.0
Armour         | 3 |  3.3
Dodging        | 3 |  3.9
Stealth        | |  0.7

Action                     |  1- 3 |  4- 6 |  7- 9 | 10-12 || total
---------------------------+-------+-------+-------+-------++-------
  Melee: Trident           |       |    19 |    38 |       ||    57
         Punch             |       |     1 |     1 |     3 ||     5
         Headbutt          |       |       |    10 |    27 ||    37
         Short sword       |       |       |    15 |    39 ||    54
         War axe           |       |       |       |    75 ||    75
   Fire: Shortbow          |   142 |    87 |   395 |   261 ||   885
  Throw: Dart              |       |       |       |     9 ||     9
         Throwing net      |       |       |       |     2 ||     2
 Invoke: Heroism           |       |       |       |     2 ||     2
  Evoke: Wand              |       |       |    10 |       ||    10
    Use: Potion            |       |       |    10 |     7 ||    17
         Scroll            |       |       |    17 |       ||    17
   Stab: Paralysed         |       |       |     4 |       ||     4
         Distracted        |       |       |       |     1 ||     1
 Armour: Ring mail         |    19 |    22 |    72 |    45 ||   158
         Skin              |       |       |    23 |       ||    23
         Swamp dragon scal |       |       |       |    18 ||    18
  Dodge: Dodged            |    34 |    40 |   138 |   142 ||   354
